[Event "*** SCC Grand Prix: Titled Tuesday Blitz"]
[Site "Chess.com"]
[Date "2020.08.25"]
[Round "10"]
[White "Ashedu66"]
[Black "poppy73"]
[Result "1-0"]
[WhiteElo "2206"]
[BlackElo "2244"]
[TimeControl "180+1"]
[EndTime "12:01:19 PDT"]
[Termination "Ashedu66 won by checkmate"]

1. d4 Nf6 2. Nf3 g6 3. c4 Bg7 4. Nc3 d6 5. e4 O-O 6. h3 e5 7. d5 a5 8. Bg5 Na6 9. Nd2 h6 10. Be3 Nc5 11. Be2 Nfd7 12. g4 c6 13. h4 f5 14. gxf5 gxf5 15. exf5 Rxf5 16. Nde4 Nxe4 17. Nxe4 Nf6 18. Bd3 c5 19. Rg1 Kh8 20.
Qc2 Nh5 21. Nxd6 Rf8 22. Ne4 b6 23. O-O-O Nf4 24. Bxf4 exf4 25. Rxg7 Kxg7 26. Qc3+ Kf7 27. Rg1 Rg8 28. Rxg8 Kxg8 29. Nf6+ Kf7 30. Nh5 Qe7 31. d6 Qxd6 32. Qg7+ Ke6 33. Qg8+ Kd7 34. Qf7+ Qe7 35. Nf6+ Kd8 36. Qg8+ Kc7 37. Nd5+ Kd6 38. Nxe7 Kxe7 39. Qg7+ Kd6 40. Qf6+ Kc7 41. Qe5+ Kb7 42. Be4+ Ka6 43. Bxa8 Bg4 44. Qc7 a4 45. Qc8+ Bxc8 46. Kd2 Be6 47. Kc3 Bf5 48. a3 Ka7 49. Bc6 Kb8 50.
Bxa4 Kc7 51. Bc2 Kd6 52. Bxf5 Ke5 53. Bh7 f3 54. b4 Kf4 55. bxc5 bxc5 56. a4 Kg4 57. a5 Kh3 58. a6 Kg2 59. Be4 Kxf2 60. Bxf3 Kxf3 61. a7 Kg4 62. a8=Q Kxh4 63. Qg2 Kh5 64. Kd3 Kh4 65. Ke4 Kh5 66. Kf4 Kh4 67. Qg4# 1-0

[Event "*** SCC Grand Prix: Titled Tuesday Blitz"]
[Site "Chess.com"]
[Date "2020.08.25"]
[Round "10"]
[White "albi1999"]
[Black "jefferyx"]
[Result "0-1"]
[WhiteElo "2586"]
[BlackElo "2927"]
[TimeControl "180+1"]
[EndTime "12:01:23 PDT"]
[Termination "jefferyx won on time"]

1. d4 g6 2. Nf3 Bg7 3. g3 d6 4. Bg2 Nc6 5. O-O Bd7 6. b3 Qc8 7. Re1 Bh3 8. Bh1 h5 9. Bb2 h4 10.
Qc1 hxg3 11. fxg3 Qg4 12. d5 Nd4 13. Nxd4 Bxd4+ 14. e3 Bxb2 15. Qxb2 Nf6 16. Nd2 O-O-O 17. Qd4 Kb8 18. Qxg4 Bxg4 19. e4 Rh5 20. Rf1 Rdh8 21. Rf2 Nd7 22. Raf1 Ne5 23. Nc4 Nxc4 24. bxc4 f6 25.
Rd2 b6 26. Rf4 Bd7 27. Bf3 R5h6 28. Bd1 Kb7 29. Rf3 Bg4 30. Rff2 Bd7 31. Rf3 g5 32. Ra3 g4 33. Rf2 Rh5 34. Re3 Re5 35. Rf4 Reh5 36.
Rf2 c6 37. Rc3 Re5 38. Rf4 Rg8 39. Re3 cxd5 40. cxd5 Reg5 41. Rc3 Rc8 42. Rxc8 Kxc8 43. Rf2 Kb7 44. Rd2 Ka6 45. Kf2 Re5 46. Rd4 Ka5 47. Ke3 f5 48. Kf4 b5 49. c3 Kb6 50. Bc2 Kc5 51.
exf5 Re2 52. Bd3 Rxa2 53. Kxg4 Ra3 54. Be4 Rxc3 55. Rd2 b4 56. h4 b3 57. h5 a5 58.
h6 Kb4 59. h7 Rc8 60. Rh2 Rh8 61. Kg5 a4 62. Kg6 a3 63. Bb1 Rxh7 64. Kxh7 Bxf5+ 65. Bxf5 a2 66. Rh4+ Ka5 67. Rh1 b2 68. Rb1 a1=Q 69.
Kg6 Kb4 70. g4 Qa2 71. Be4 Qc4 72. Kf5 Kc3 73. g5 Qd4 0-1

[Event "*** SCC Grand Prix: Titled Tuesday Blitz"]
[Site "Chess.com"]
[Date "2020.08.25"]
[Round "10"]
[White "Parhamov"]
[Black "Beca95"]
[Result "0-1"]
[WhiteElo "3005"]
[BlackElo "2883"]
[TimeControl "180+1"]
[EndTime "12:01:26 PDT"]
[Termination "Beca95 won by resignation"]

1. e4 c5 2. Nc3 Nc6 3. Bb5 Nd4 4. Nf3 Nxb5 5. Nxb5 a6 6. Nc3 d6 7. d4 cxd4 8. Qxd4 Nf6 9. Bg5 h6 10. Bh4 g5 11. Bg3 e5 12. Qd3 Be6 13. O-O-O Qa5 14. a3 Rc8 15. Rhe1 Be7 16. Nd2 b5 17. Kb1 b4 18. axb4 Qxb4 19. Nd5 Nxd5 20. exd5 Bd7 21. f3 Rb8 22. b3 O-O 23. Re4 Qb7 24. h4 Bf5 25. hxg5 hxg5 26. Nc4 Rfc8 27. Ne3 Bg6 28. Rh1 a5 29. Be1 a4 30. b4 Kg7 31. g4 Qd7 32. Qe2 Rh8 33. Rxh8 Rxh8 34. Rc4 Qb5 35. Kb2 a3+ 36.
Ka2 Rc8 37. Qf1 Rb8 38. Rc6 Qb7 39. Qc4 Qa7 40. Bd2 Bf6 41. Ra6 Qe7 42. Qc6 e4 43.
Qxd6 Qxd6 44. Rxd6 exf3 45. Rc6 f2 46. d6 Bd4 47.
Bc3 Bxc3 48. Rxc3 Rd8 49. Rc6 Be4 50. Rc4 Bd5 51. Nxd5 f1=Q 52. Ne3 Qe2 53. Nf5+ Kf6 54. Rc5 Qe6+ 55. c4 Qe2+ 56. Kxa3 Qxg4 57. Ra5 Qf3+ 58.
Ka4 Qc6+ 59. Kb3 Re8 60. Rd5 Qd7 61. Nd4 Re3+ 62. Kc2 Qh3 63. Kd2 Rd3+ 64. Kc2 Rc3+ 65. Kb2 Qd3 66. Rf5+ Kg6 67. Rf2 Qxd4 68. Rf6+ Kxf6 69.
d7 Rd3+ 70. Kb1 Qxd7 71. Ka2 Qd4 0-1

[Event "*** SCC Grand Prix: Titled Tuesday Blitz"]
[Site "Chess.com"]
[Date "2020.08.25"]
[Round "10"]
[White "davidkalashian"]
[Black "Shuvalov"]
[Result "1-0"]
[WhiteElo "2602"]
[BlackElo "2402"]
[TimeControl "180+1"]
[EndTime "12:01:27 PDT"]
[Termination "davidkalashian won by checkmate"]

1. e4 e6 2. Qe2 c5 3. g3 Nc6 4. Bg2 Be7 5. f4 d5 6. exd5 exd5 7. Nf3 Nf6 8. O-O O-O 9. d3 Re8 10. h3 Bd6 11. Qf2 Qc7 12. Nc3 a6 13. Kh1 b5 14.
Bd2 Bb7 15. a3 Ne7 16. Rae1 h5 17. Ng5 Nf5 18. Qf3 h4 19. gxh4 Nxh4 20. Qf2 Nxg2 21.
Qxg2 b4 22. Ne2 bxa3 23. bxa3 d4 24. Nf3 Bf8 25. Ng3 Nd5 26. Ne4 f5 27. Neg5 Nf6 28. Kg1 Qd7 29. Qg3 Rxe1 30. Rxe1 Re8 31. Re5 Bd6 32. Qh4 Bxf3 33. Nxf3 Bxe5 34. fxe5 Nh7 35. Kf2 Qd5 36. Qh5 Rxe5 37. Nxe5 Qxe5 38. Qg6 Qh2+ 39. Ke1 Qh1+ 40. Kf2 Qh2+ 41. Qg2 Qxg2+ 42. Kxg2 g5 43. Ba5 Kf7 44. Bb6 c4 45. dxc4 Ke6 46. Bxd4 Nf8 47.
Be3 f4 48. Bf2 Ng6 49. c5 Kd5 50. Kf3 Ne5+ 51. Ke2 Ke4 52. Be1 Nc6 53. Bc3 Ne7 54.
Bf6 Nd5 55. Bxg5 f3+ 56. Kf2 a5 57. c6 a4 58. Bd8 Kf4 59. h4 Kg4 60. c4 Nf4 61. c7 Nd3+ 62. Kf1 Ne5 63. c8=Q+ Kf4 64. Qc7 Ke4 65. Qxe5+ Kxe5 66. h5 Kd4 67. h6 Kxc4 68. h7 Kb3 69. h8=Q Kxa3 70. Qc3+ Ka2 71. Bf6 a3 72. Kf2 Kb1 73. Kxf3 Ka2 74. Qc2# 1-0

[Event "*** SCC Grand Prix: Titled Tuesday Blitz"]
[Site "Chess.com"]
[Date "2020.08.25"]
[Round "10"]
[White "The_Machine04"]
[Black "ditkin25"]
[Result "0-1"]
[WhiteElo "2280"]
[BlackElo "2420"]
[TimeControl "180+1"]
[EndTime "12:01:28 PDT"]
[Termination "ditkin25 won by checkmate"]

1. d4 Nf6 2. Bg5 d5 3. e3 Nbd7 4.
Nf3 e6 5. Ne5 Be7 6. f4 Nxe5 7.
fxe5 Ne4 8. Bf4 c5 9. c3 h5 10. Bd3 g5 11. Bg3 h4 12. Bf2 Nxf2 13. Kxf2 Bd7 14.
Nd2 Bc6 15. Rf1 Qb6 16. Rb1 O-O-O 17. Kg1 Rdf8 18. Qg4 Bd7 19. Nf3 f5 20. exf6 Bxf6 21. Ne5 Bxe5 22. dxe5 c4 23. Bc2 Qxe3+ 24. Kh1 Qxe5 25.
Rbe1 Rf4 26. Qd1 Rhf8 27. Rg1 Qf6 28. b3 Rf2 29. bxc4 dxc4 30. Be4 h3 31. Qd6 hxg2+ 32. Rxg2 Qf4 33. Qc5+ Qc7 34. Qxf2 Rxf2 35. Rxf2 Bc6 36. Rf8+ Be8 37. Rxe8+ Kd7 38. Rf8 Qe5 39. Rf3 Qa5 40.
Re2 b6 41. Rfe3 Qa3 42. Bf3 Qc1+ 43. Kg2 e5 44. Bd5 Kd6 45. Bxc4 Qb1 46. Rd2+ Kc5 47. Bd3 Qc1 48. Rc2 Qxe3 49. Bf1 Qe4+ 50. Kg1 Qxc2 51. h3 Qxc3 52. Bg2 Qd4+ 53. Kh2 Qd2 54. Kg3 Qxa2 55. Kg4 Qc4+ 56. Kxg5 Qf4+ 57. Kh5 e4 58. h4 e3 59. Bh3 Qf3+ 60. Bg4 Qd5+ 61. Kg6 Qe4+ 62. Bf5 Qg2+ 63. Kh6 e2 64. h5 e1=Q 65. Bg6 Qe7 66.
Bf7 Qgg5+ 67. Kh7 Qxf7+ 68. Kh8 Qfg7# 0-1

[Event "*** SCC Grand Prix: Titled Tuesday Blitz"]
[Site "Chess.com"]
[Date "2020.08.25"]
[Round "10"]
[White "DishonorOnYourCow"]
[Black "ChainsOfFantasia"]
[Result "1/2-1/2"]
[WhiteElo "2358"]
[BlackElo "2475"]
[TimeControl "180+1"]
[EndTime "12:01:31 PDT"]
[Termination "Game drawn by stalemate"]

1. d4 Nf6 2. c4 e6 3. Nf3 d5 4. Nc3 Be7 5. Bf4 O-O 6. e3 Nbd7 7. Bd3 c5 8. O-O cxd4 9. exd4 dxc4 10. Bxc4 Nb6 11.
Bb3 Nbd5 12. Be5 b6 13. Rc1 Bb7 14. h3 Rc8 15. Qe2 h6 16. Bc2 Nxc3 17. bxc3 Ba3 18. Rcd1 Rxc3 19. d5 Nxd5 20. Bxc3 Nxc3 21. Qd3 Qxd3 22.
Rxd3 Rc8 23. Re1 Bd5 24. Bb3 Bb4 25. Ree3 Bxb3 26. axb3 Nd5 27. Re4 a5 28. Ne5 Bd6 29. Nc4 Bb8 30. g3 Kh7 31. Re2 Rc5 32. Rf3 Kg8 33. Kg2 a4 34. Na3 b5 35. bxa4 bxa4 36.
Re4 Nb6 37. Rb4 Bc7 38. Nb5 Be5 39. Na3 Rc6 40. Re3 Bd6 41. Rb2 Bxa3 42. Rxa3 Nc4 43.
Rc3 Nxb2 44. Rxc6 a3 45. Ra6 Nc4 46. Kf3 Kf8 47. Ke4 Ke7 48. Kd4 Nd6 49. Ra7+ Kf6 50. Ra6 Nb5+ 51. Kc5 Nc3 52. Rxa3 Ne4+ 53. Kd4 Nxf2 54.
Rf3+ Kg5 55. Rxf2 f6 56. Ke3 e5 57. Kf3 f5 58. h4+ Kh5 59. Ra2 g5 60. hxg5 hxg5 61. Ra5 e4+ 62. Kf2 Kg4 63. Re5 f4 64. Rxe4 Kf5 65.
Kf3 g4+ 66. Kf2 Kxe4 67. gxf4 Kxf4 68. Kg2 Kf5 69. Kg3 Kg5 70. Kg2 Kg6 71. Kg3 Kg5 72. Kg2 Kh4 73. Kh2 Kh5 74. Kg2 Kg5 75. Kg3 Kf5 76.
Kg2 Kf4 77. Kf2 g3+ 78. Kg2 Kg4 79. Kg1 Kf5 80. Kg2 Kf4 81. Kg1 Kg4 82. Kg2 Kh4 83. Kg1 Kh3 84. Kh1 Kh4 85. Kg2 Kg4 86. Kg1 Kf3 87.
Kf1 Ke3 88. Kg2 Kf4 89. Kg1 Kf3 90. Kf1 g2+ 91. Kg1 Kg3 1/2-1/2

[Event "*** SCC Grand Prix: Titled Tuesday Blitz"]
[Site "Chess.com"]
[Date "2020.08.25"]
[Round "10"]
[White "Margarita2907"]
[Black "gagtemp"]
[Result "1/2-1/2"]
[WhiteElo "2087"]
[BlackElo "1957"]
[TimeControl "180+1"]
[EndTime "12:01:33 PDT"]
[Termination "Game drawn - insufficient material"]

1. e4 d5 2. exd5 Qxd5 3. Nc3 Qd6 4. d4 Nf6 5. Nf3 a6 6. Be2 e6 7. Be3 Be7 8. h3 O-O 9. Qd2 b5 10. O-O Bb7 11. Bf4 Qb6 12. a3 Nbd7 13. Ne5 Rad8 14. Nxd7 Rxd7 15. Be5 c5 16. Rad1 cxd4 17. Bxd4 Qc7 18.
Qe3 g6 19. Bf3 Bxf3 20. Qxf3 Nd5 21. Nxd5 Rxd5 22. Bc3 Rf5 23. Qe2 Bxa3 24. Rd3 Be7 25. Rfd1 Rd8 26. Rxd8+ Bxd8 27. Qd3 Bf6 28. Bxf6 Rxf6 29.
Qe4 Qb6 30. Rd2 Qc7 31. Qa8+ Kg7 32. Qxa6 Rf5 33. Qa8 Rc5 34. c3 b4 35. Qe4 bxc3 36.
bxc3 Re5 37. Qd4 f6 38. g3 Rd5 39. Qe3 Re5 40. Qd3 Rd5 41. Qc2 Re5 42. Qd1 Qc6 43. Rd7+ Kh6 44. Qd2+ g5 45. Rd3 Kg6 46. Re3 Rf5 47. Qd3 Qd5 48. Qxd5 exd5 49. Re7 Re5 50. Rc7 Re1+ 51. Kg2 Rc1 52. Kf3 d4 53. Ke2 Rxc3 54.
Rd7 Rc4 55. Kd3 Ra4 56. Rxd4 Rxd4+ 57. Kxd4 h5 58. Ke4 h4 59. g4 Kf7 60. f4 gxf4 61. Kxf4 Kg6 62. Ke4 Kg5 63. Kf3 f5 64. gxf5 Kxf5 65.
Ke3 Kg5 66. Kf3 Kh5 67. Kf4 Kh6 68. Kg4 Kh7 69. Kxh4 Kh6 70. Kg4 Kh7 71. h4 Kh6 72. Kf5 Kh5 73. Kf4 Kxh4 1/2-1/2

[Event "*** SCC Grand Prix: Titled Tuesday Blitz"]
[Site "Chess.com"]
[Date "2020.08.25"]
[Round "10"]
[White "BeanScreen"]
[Black "m_ezat"]
[Result "0-1"]
[WhiteElo "2687"]
[BlackElo "2582"]
[TimeControl "180+1"]
[EndTime "12:01:37 PDT"]
[Termination "m_ezat won by resignation"]

1. e4 c6 2. d4 d5 3. exd5 cxd5 4.
Bd3 Nc6 5. c3 Qc7 6. Bg5 e5 7.
dxe5 Qxe5+ 8. Qe2 a6 9. Nd2 Bc5 10. Ndf3 Qxe2+ 11. Nxe2 Bg4 12. Nfd4 Nge7 13. O-O O-O 14.
Rfe1 Rfe8 15. Be3 Ne5 16. Rad1 h6 17. h3 Bh5 18. Rd2 Bxd4 19. Nxd4 Nxd3 20. Rxd3 Bg6 21. Rdd1 Nc6 22. Nb3 Rad8 23. Nc5 Re7 24. Bd4 Rxe1+ 25. Rxe1 b6 26. Nb3 b5 27. Bc5 a5 28. Nd4 Nxd4 29.
Bxd4 b4 30. Re7 bxc3 31. Bxc3 a4 32. Kf1 Bb1 33. a3 Ba2 34. Ke2 Bc4+ 35. Kd2 d4 36. Bb4 Bb3 37. Kd3 Rc8 38. Kxd4 Rc2 39. Re8+ Kh7 40. Ke3 Rxb2 41. Re7 Bc4 42. Kf3 Bd5+ 43. Kg3 Rb3+ 44. f3 Rb2 45. Rd7 Bc4 46. Rc7 Bf1 47. Rxf7 Rxg2+ 48. Kf4 Rh2 49. Bc3 Rg2 50. h4 Rg6 51. h5 Rg5 52. Bf6 Kg8 53. Bxg5 hxg5+ 54. Kxg5 Kxf7 55. f4 Bd3 56. f5 Be4 57. h6 gxh6+ 58.
Kxh6 Kf6 59. Kh5 Bxf5 60. Kh4 Ke5 61. Kg3 Ke4 62. Kf2 Kd3 63. Ke1 Kc2 64. Ke2 Bd3+ 65. Ke3 Bc4 66. Kd4 Kb3 67. Kc5 Be2 68. Kd4 Kxa3 69. Kc3 Ka2 70. Kc2 a3 71. Kc1 Bd3 72.
Kd2 Kb1 0-1

[Event "*** SCC Grand Prix: Titled Tuesday Blitz"]
[Site "Chess.com"]
[Date "2020.08.25"]
[Round "10"]
[White "Kassimov_B"]
[Black "remi04"]
[Result "0-1"]
[WhiteElo "2443"]
[BlackElo "2601"]
[TimeControl "180+1"]
[EndTime "12:01:40 PDT"]
[Termination "remi04 won by resignation"]

1. d4 Nf6 2. Nf3 e6 3. Bf4 d5 4. e3 c5 5. c3 Nc6 6. Nbd2 Bd6 7. Ne5 Qc7 8. Bb5 a6 9. Bxc6+ bxc6 10. O-O c4 11. Qf3 a5 12. e4 Bb7 13. Rfe1 O-O 14.
Bg3 c5 15. exd5 Bxd5 16. Qe3 cxd4 17. cxd4 Rab8 18. Rac1 Qb7 19. Nexc4 Bxg3 20. Qxg3 Rfc8 21. b3 a4 22. h3 axb3 23. axb3 Qb4 24. Rc3 h6 25.
Rec1 Ra8 26. Qe3 Ra2 27. R3c2 Rca8 28. Ne5 Rxc2 29. Rxc2 Ra1+ 30. Kh2 Qb8 31. f4 Ra7 32. Qc3 Kh7 33. Qd3+ g6 34. Qg3 Rb7 35. Rc3 Nh5 36.
Qh4 Qa7 37. Nef3 Qa1 38. Rc8 Rd7 39. Ne5 Qxd4 40. Nxd7 Qxd2 41. Qg4 Be4 42. Rd8 Qf2 43. Nf8+ Kg7 44. Nxe6+ fxe6 45. Rd7+ Kf6 46. Rd8 Qxf4+ 47. Qxf4+ Nxf4 48. b4 Nxg2 49. b5 Nf4 50. b6 Ke7 51. Rh8 h5 52. b7 Bxb7 53. Rh7+ Kf6 54.
Rxb7 e5 55. h4 Kf5 56. Kg3 Ne2+ 57. Kf3 Nd4+ 58. Ke3 Nc2+ 59. Kd3 Ne1+ 60. Ke2 Ng2 61. Rb4 e4 62. Rb5+ Kf4 63. Rg5 Nxh4 64. Rg1 g5 65. Kf2 e3+ 66. Ke2 g4 67. Rh1 Nf5 68. Rf1+ Ke4 69.
Ra1 Nd4+ 70. Kf1 h4 71. Kg2 Kd3 72. Ra3+ Kd2 73. Ra2+ Nc2 74. Kh2 e2 75. Kg2 e1=Q 76.
Rxc2+ Kxc2 77. Kh2 0-1

[Event "*** SCC Grand Prix: Titled Tuesday Blitz"]
[Site "Chess.com"]
[Date "2020.08.25"]
[Round "10"]
[White "novocane"]
[Black "tylityli"]
[Result "1-0"]
[WhiteElo "2270"]
[BlackElo "2195"]
[TimeControl "180+1"]
[EndTime "12:01:42 PDT"]
[Termination "novocane won by resignation"]

1. d4 Nf6 2. c4 e6 3. Nc3 Bb4 4. e3 O-O 5. Ne2 c5 6. a3 Bxc3+ 7. Nxc3 d6 8. d5 e5 9. e4 a6 10. Be2 b5 11. cxb5 axb5 12. Bxb5 Ba6 13. Bxa6 Nxa6 14. O-O Qb6 15. f4 c4+ 16. Kh1 Qd4 17. Qf3 Nc5 18.
Be3 Qd3 19. Bxc5 dxc5 20. fxe5 Qxf3 21. gxf3 Nd7 22. f4 Nxe5 23. fxe5 Rab8 24. Rf2 Rfe8 25. d6 Rxe5 26. d7 Rd8 27. Rd1 Re7 28. Rfd2 g6 29. Nd5 Re6 30. Nc3 Kg7 31. Rd5 Rb6 32. R1d2 Rb7 33. Kg2 h5 34. h4 Kf6 35. Kf3 Ke6 36. Rxc5 Rdxd7 37. Rxd7 Rxd7 38. Rxc4 Rd3+ 39. Kf4 Rh3 40.
Rc6+ Ke7 41. Rc7+ Ke6 42. Rc6+ Kd7 43. Ra6 Rxh4+ 44. Ke5 Rh2 45. Nd5 Rxb2 46. Ra7+ Kc6 47. Rxf7 Ra2 48. Rf6+ Kc5 49. Rxg6 Rxa3 50. Rg5 Rh3 51.
Kf4 Kd4 52. Nf6 Rh1 53. Rxh5 Rf1+ 54. Kg5 Ke5 55. Kg6+ Ke6 56. Rf5 Rg1+ 57. Kh5 Rh1+ 58. Kg4 Rg1+ 59. Kf3 Rf1+ 60. Kg4 Rg1+ 61. Kh5 Rh1+ 62.
Kg5 Rg1+ 63. Ng4 Re1 64. Rf6+ Ke7 65. Kf5 Rf1+ 66. Ke5 Ra1 67. Rd6 Ra5+ 68. Rd5 Ra1 69. Rb5 Rg1 70. Rb7+ Kd8 71. Nf6 Rg5+ 72. Ke6 Rg6 73.
Rd7+ Kc8 74. e5 Rg1 75. Ke7 Re1 76. e6 Rg1 77. Nd5 Rg7+ 78. Kd6 Rg6 79. Ne7+ Kb8 80. Nxg6 1-0

[Event "*** SCC Grand Prix: Titled Tuesday Blitz"]
[Site "Chess.com"]
[Date "2020.08.25"]
[Round "10"]
[White "SergeyKarjakin"]
[Black "BocharovD"]
[Result "0-1"]
[WhiteElo "2960"]
[BlackElo "2754"]
[TimeControl "180+1"]
[EndTime "12:01:44 PDT"]
[Termination "BocharovD won by resignation"]

1. e4 c5 2. Nf3 d6 3. d4 cxd4 4. Nxd4 Nf6 5. Nc3 a6 6. Bg5 Nbd7 7. Qe2 b5 8. O-O-O Bb7 9. f4 Rc8 10. e5 dxe5 11. fxe5 Rxc3 12. exf6 Rc5 13. h4 Re5 14. fxg7 Bxg7 15. Qf2 Qb6 16. Be2 O-O 17. Rhf1 Be4 18. Bg4 Nf6 19. Bf3 Bg6 20. Kb1 Ne4 21. Bxe4 Rxe4 22.
Nf5 Qxf2 23. Rxf2 Bxf5 24. Rxf5 Re2 25. Rc5 h6 26. Bc1 Rxg2 27. Rc6 e5 28. Rxa6 e4 29. a4 bxa4 30. Rxa4 Re8 31. Be3 Re2 32. Bc5 e3 33. Rg1 Kh7 34. Rf4 f6 35. Rf3 Re5 36. b4 f5 37. Bd4 Re7 38. Bc5 Rf7 39. Rxe3 Rh2 40. Rf3 Rxh4 41. Rb3 Rc4 42. Rf1 f4 43. Rff3 Rd7 44. c3 Re4 45. Kc2 Re2+ 46. Kc1 Re1+ 47. Kc2 Re2+ 48. Kc1 Be5 49. b5 Re1+ 50. Kb2 Re2+ 51.
Ka3 Rd5 52. Kb4 Re4+ 53. c4 Rd1 54. b6 Rc1 55. Kb5 Rexc4 56. Bf2 R4c2 57. Rb4 Rc8 58. b7 Rb8 59. Kb6 Bc7+ 60. Ka6 Ra1+ 61. Kb5 Rxb7+ 62. Kc4 Rxb4+ 63. Kxb4 Rf1 64. Kc5 Bb8 65. Kb6 Kg6 66. Kb7 Be5 67. Kc6 Kf5 68. Kd5 h5 69. Rh3 Rxf2 70. Rxh5+ Kg4 71. Rxe5 Rd2+ 72. Kc4 f3 73.
Kc3 Rd7 74. Re8 Kg3 0-1

[Event "*** SCC Grand Prix: Titled Tuesday Blitz"]
[Site "Chess.com"]
[Date "2020.08.25"]
[Round "10"]
[White "wannabe2700"]
[Black "BigAl"]
[Result "0-1"]
[WhiteElo "2609"]
[BlackElo "2494"]
[TimeControl "180+1"]
[EndTime "12:01:49 PDT"]
[Termination "BigAl won by resignation"]

1. e4 c6 2. d4 d5 3. e5 Bf5 4.
Nf3 e6 5. Be2 Ne7 6. O-O Ng6 7.
Ne1 h5 8. Nd3 h4 9. f4 Nd7 10. Be3 Rc8 11. Nd2 c5 12. Nxc5 Nxc5 13. dxc5 Bxc5 14. Bb5+ Kf8 15. Bxc5+ Rxc5 16. Bd3 Ne7 17. Nf3 Qb6 18. Kh1 Rc8 19. Rb1 Bxd3 20. Qxd3 Nf5 21. Ng5 g6 22. a4 Kg7 23. c3 a6 24. Qd2 Qe3 25. Qxe3 Nxe3 26. Rf3 Nf5 27. Kg1 Rc4 28. b3 Rc7 29. Rd1 Rhc8 30. Rdd3 Rc6 31. Kf2 a5 32. Ke2 Rb6 33. c4 dxc4 34. bxc4 Rxc4 35.
Rd7 Nd4+ 36. Kd3 Nxf3 37. Rxf7+ Kg8 38. gxf3 Rxa4 39. Rf6 Rb3+ 40. Kc2 Re3 41. Rxg6+ Kf8 42. Rf6+ Ke7 43. Rxe6+ Kd7 44. Rd6+ Kc7 45. Ne6+ Kb8 46.
f5 Ra2+ 47. Kb1 Rxh2 48. Rd1 Rxe5 49. f6 Rxe6 50. f7 Rf6 51. Rd8+ Ka7 52. f8=Q Rxf8 53. Rxf8 Rf2 54. Rh8 Rxf3 55. Rxh4 Rf2 56. Rh6 b6 57. Rg6 Ka6 58. Rh6 a4 59. Ka1 Ka5 60. Rh5+ b5 61.
Rg5 a3 62. Rh5 Ka4 63. Rh4+ b4 64. Rh1 Rd2 65. Rg1 Re2 66. Rh1 Rc2 67. Rg1 Kb3 68. Rg3+ Rc3 69. Rg1 Kc4 70. Rg4+ Kb5 71. Rg5+ Kc4 72.
Rg4+ Kb3 73. Rg1 Rf3 74. Rh1 Kc3 75. Rc1+ Kd2 76. Rb1 b3 77. Rh1 Kc3 78. Rc1+ Kd2 79. Rb1 Re3 80. Rh1 Re1+ 81. Rxe1 Kxe1 82. Kb1 Kd2 83. Ka1 Kc3 84. Kb1 a2+ 85. Ka1 b2+ 86.
Kxa2 Kc2 87. Ka3 b1=Q 88. Ka4 Kc3 89. Ka5 Kc4 90. Ka6 Kc5 91. Ka7 Kc6 92. Ka8 Qb2 0-1

[Event "*** SCC Grand Prix: Titled Tuesday Blitz"]
[Site "Chess.com"]
[Date "2020.08.25"]
[Round "10"]
[White "Skatchkov_V"]
[Black "Alexander_Moskalenko"]
[Result "1/2-1/2"]
[WhiteElo "2708"]
[BlackElo "2778"]
[TimeControl "180+1"]
[EndTime "12:02:06 PDT"]
[Termination "Game drawn by stalemate"]

1. d4 d5 2. c4 c6 3. Nf3 Nf6 4. Nc3 dxc4 5. a4 Bf5 6. Ne5 Nbd7 7. Nxc4 Nb6 8. Ne5 a5 9. h4 Nfd7 10. e4 Be6 11. Nf3 Bg4 12. Be3 e6 13. Be2 Nf6 14. Ne5 Bxe2 15. Qxe2 Bb4 16. f3 O-O 17. g4 Nfd7 18.
Nd3 Be7 19. g5 Nc4 20. Bf2 c5 21. Nxc5 Bxc5 22. Qxc4 Bb4 23. Ke2 Rc8 24. Qd3 Re8 25. f4 Qc7 26. Be3 Bxc3 27. Rac1 Qc6 28. Qxc3 Qxe4 29.
Qxc8 Rxc8 30. Rxc8+ Nf8 31. Rhc1 h5 32. Rd8 Qg2+ 33.
Kd3 Qxb2 34. Rcc8 Qb3+ 35. Ke2 Qa2+ 36. Kf3 Kh7 37. Rxf8 Qd5+ 38. Kg3 Qb3 39. Kf2 Qa2+ 40.
Ke1 Qb3 41. Kd2 Kg6 42. f5+ exf5 43. Rfd8 Qxa4 44. Rd6+ Kh7 45. g6+ fxg6 46. Rdd8 Qb4+ 47. Ke2 g5 48. hxg5 f4 49. Bxf4 Kg6 50. Be5 Qb5+ 51. Ke3 Qb3+ 52. Ke4 Qb1+ 53. Kd5 a4 54. Ra8 Qb3+ 55. Kd6 a3 56. Ra7 Qb6+ 57. Ke7 Qxa7 58.
d5 a2 59. d6 Qc5 60. Ke6 Qxe5+ 61. Kxe5 a1=Q+ 62. Ke6 Qe1+ 63. Kd7 Qd2 64. Re8 h4 65. Kc7 h3 66. d7 Qc3+ 67. Kb8 Qg3+ 68. Kc8 Qg4 69.
Kc7 Qg3+ 70. Kc8 Qc3+ 71. Kb8 Qa5 72. d8=Q Qxd8+ 73. Rxd8 Kxg5 74. Rh8 Kg4 75. Kxb7 g5 76. Kc6 Kg3 77. Kd5 g4 78. Ke4 Kh2 79. Rg8 g3 80.
Kf3 g2 81. Kf2 g1=Q+ 82. Rxg1 1/2-1/2

[Event "*** SCC Grand Prix: Titled Tuesday Blitz"]
[Site "Chess.com"]
[Date "2020.08.25"]
[Round "10"]
[White "frederiksvane"]
[Black "Gloomy_Wanderer"]
[Result "1-0"]
[WhiteElo "2674"]
[BlackElo "2749"]
[TimeControl "180+1"]
[EndTime "12:02:35 PDT"]
[Termination "frederiksvane won by resignation"]

1. e4 c5 2. Nf3 a6 3. d4 cxd4 4. Nxd4 Nf6 5. Bc4 e5 6. Nf3 Nc6 7. O-O h6 8. Nc3 Bc5 9. Nh4 d6 10. Nf5 O-O 11. Be3 Bxf5 12. exf5 Bxe3 13. fxe3 Qb6 14.
Qd2 Qc5 15. Bb3 Rad8 16. Rad1 Ne7 17. Kh1 d5 18. Qe2 Nc6 19. Qf3 e4 20. Qf4 Rfe8 21.
Ne2 d4 22. exd4 Nxd4 23. Nxd4 Rxd4 24. Rxd4 Qxd4 25. c3 Qe5 26. Qxe5 Rxe5 27. Kg1 Kf8 28. h3 h5 29. Kh2 h4 30. g4 hxg3+ 31. Kxg3 Ke7 32.
Kf4 Rc5 33. Rg1 Rc8 34. Ke5 Rc5+ 35. Kd4 Rxf5 36. Rxg7 Nd7 37. Kxe4 Rf2 38. Ke3 Rxb2 39. Rxf7+ Kd6 40. h4 Nc5 41. h5 Rh2 42. Rf5 Rh3+ 43. Kd4 Rh4+ 44. Ke3 Rh3+ 45. Kf2 Ne4+ 46. Kg2 Rxc3 47.
h6 Rg3+ 48. Kh2 Rg6 49. Rh5 Nf6 50. h7 Ng4+ 51. Kh3 Nf2+ 52. Kh2 Ng4+ 53. Kg3 Nf6+ 54.
Kf3 Nxh7 55. Rxh7 b6 56. Ra7 a5 57. Rf7 Kc5 58. Rf5+ Kb4 59. Ke3 Rd6 60. Rf4+ Kc3 61. Rc4+ Kb2 62. Ke4 b5 63. Rc5 a4 64. Bd5 b4 65.
Rb5 Ka3 66. Ra5 Rh6 67. Bb3 Rh4+ 68. Kd3 Rh3+ 69. Kc2 Rh2+ 70. Kd1 Rh1+ 71. Ke2 Rh2+ 72. Kf1 Rh4 73. Rxa4+ Kb2 74. Ke2 Kc3 75. Ra5 Re4+ 76. Kf3 Re8 77. Rc5+ Kb2 78. Rc4 Ka3 79. Re4 Rd8 80.
Ke3 Rh8 81. Kd4 Rd8+ 82. Kc4 Rc8+ 83. Kd4 Rd8+ 84. Ke5 Re8+ 85. Kd5 Rd8+ 86. Kc6 Rc8+ 87. Kb7 Rh8 88. Re5 Rh7+ 89. Kb6 Rh6+ 90. Kb5 Rh8 91.
Re6 Rh5+ 92. Ka6 Rg5 93. Rb6 Rh5 94. Rb5 Rh6+ 95. Ka5 Rh8 96. Rc5 Ra8+ 97. Kb5 Rb8+ 98. Kc4 Rb7 99. Ra5+ Kb2 100. Rb5 Rh7 101. Kxb4 Rh4+ 102. Ka5 1-0

[Event "*** SCC Grand Prix: Titled Tuesday Blitz"]
[Site "Chess.com"]
[Date "2020.08.25"]
[Round "10"]
[White "Hikaru"]
[Black "BillieKimbah"]
[Result "1/2-1/2"]
[WhiteElo "3203"]
[BlackElo "2913"]
[TimeControl "180+1"]
[EndTime "12:03:22 PDT"]
[Termination "Game drawn by 50-move rule"]

1. Nf3 d5 2. e3 Nf6 3. c4 e6 4.
Nc3 Be7 5. cxd5 exd5 6. d4 c6 7. Bd3 O-O 8. O-O Bg4 9. Ne2 Nbd7 10. Ng3 Bd6 11. h3 Be6 12. Ng5 Bxg3 13. fxg3 Re8 14. Bd2 h6 15. Nf3 Nb6 16. b3 Nc8 17. g4 Ne4 18. Bxe4 dxe4 19. Nh2 Nb6 20. Rf2 Nd5 21. Nf1 a5 22. Ng3 Bd7 23. Qc2 Qe7 24.
Raf1 f6 25. Bc1 Nb4 26. Qb1 Nd3 27. Rc2 Qd6 28. Nh5 Be6 29. Bd2 Bf7 30. Nf4 Qd7 31. Be1 a4 32. Rc3 axb3 33. axb3 Nxf4 34. Rxf4 Bd5 35. Qb2 Ra6 36. Rc1 Rea8 37. Bb4 Ra2 38. Qc3 Qe6 39. Rb1 Re2 40. Rf2 Raa2 41. Rxe2 Rxe2 42. Qc5 Kh7 43. Qc3 f5 44. Re1 Rxe1+ 45. Qxe1 fxg4 46. hxg4 Qxg4 47. Bd6 Bxb3 48. Qb4 Bd1 49.
Qxb7 Qg6 50. Be5 Bf3 51. Qb2 Bg4 52. Qf2 Be6 53. Qf4 Bd5 54. Qf8 Qg4 55. Qe7 h5 56.
Kh2 Bc4 57. Qf8 Bd5 58. Qf2 Bc4 59. Bd6 Bd5 60. Be7 Be6 61. Bd8 Qf5 62. Qh4 Qg4 63. Qf2 Qf5 64. Qg3 Qg4 65. Qe5 Bc4 66. Qg3 Qxg3+ 67.
Kxg3 Kg6 68. Kf4 Bd5 69. g4 hxg4 70. Kxg4 Kf7 71. Kf5 g6+ 72. Kg5 Bc4 73. Bb6 Bd5 74. Bc5 Bc4 75. Bb4 Bd5 76. Kf4 Ke6 77. Bc5 Kf7 78. Bd6 Ke6 79. Bc7 Kf7 80. Kg5 Bc4 81. Bg3 Bd5 82. Kf4 Ke6 83. Be1 Kf6 84. Bh4+ Kf7 85.
Ke5 Kg7 86. Bd8 Kh6 87. Kf4 Kh5 88. Bg5 Bc4 89. Be7 Bd5 90. Bf6 Kh6 91. Bg5+ Kg7 92. Ke5 Kf7 93. Kd6 Ke8 94. Bh4 Kf7 95. Kd7 Kg7 96. Bg5 Kf7 97. Kc7 Ke6 98. Bd8 Kf5 99.
Kd6 g5 100. Be7 Kg4 101. Ke5 Kh5 102. Kf5 g4 103. Kf4 Kg6 104. Kxg4 Kf7 105. Bc5 Ke6 106. Kf4 Kd7 107. Ke5 Kc8 108. Kd6 Kb7 109. Kd7 Ka6 110. Bd6 Kb5 111. Bf4 Kc4 112. Kd6 Kd3 113. Kc5 Ke2 114. Bh6 Kf3 115. Kb4 Ke2 116. Kc3 Kd1 117. Kb2 Ke2 118. Ka3 Bc4 119. Ka4 Bd5 120. Ka5 Kd3 121. Ka6 Kc4 122. Kb6 Kd3 123. Bg5 Ke2 124. Kc7 Kf3 125. Kd6 Kg4 126. Bf4 Kf3 127. Ke5 Ke2 128. Kf5 Kd3 129. Kf6 Ke2 130. Ke7 Kd3 131. Kd8 Ke2 132. Kc7 Kd3 133. Kb6 Kc2 134. Ka5 Kb3 135. Bh6 Kc4 136. Bg5 Kb3 137. Ka6 Kc4 138. Ka7 Kb4 139. Kb8 Kb5 140. Kc8 Kc4 141. Kd8 Kd3 142. Ke7 Ke2 143. Bh6 Kf3 144. Kd6 Kg4 145. Bf4 Kf3 146. Kc5 Ke2 147. Kd6 Kd3 148. Ke5 Kc4 149. Bg5 Kd3 150. Kf4 Kc4 151. Kg3 Kd3 152. Kf2 Kc4 153. Ke2 Kc3 154. Be7 1/2-1/2